 Dungeon Crawl Stone Soup version 0.31-a0-851-g7ff8af7976 (webtiles) character file.

Game seed: 8114128931905360699

135 BritishOli the Trooper (level 4, -3/37 HPs)
             Began as a Demonspawn Fighter on Oct 6, 2023.
             Slain by an orc priest
             ... wielding a +0 morningstar
              (10 damage)
             ... on level 3 of the Dungeon.
             The game lasted 00:01:35 (1662 turns).

BritishOli the Trooper (Demonspawn Fighter)         Turns: 1662, Time: 00:01:37

Health: -3/37      AC:  6    Str: 18    XL:     4   Next: 97%
Magic:  4/4        EV:  9    Int:  9    God:
Gold:   163        SH:  4    Dex: 13    Spells: 3/3 levels left

rFire   . . .        a - +0 war axe
rCold   . . .        c - +0 buckler
rNeg    . . .        b - +0 scale mail
rPois   .            (helmet restricted)
rElec   .            (no cloak)
rCorr   .            (no gloves)
SInv    .            (no boots)
Will    .....        (no amulet) Stlth
                     (no ring)
HPRegen 0.26/turn    (no ring)
MPRegen 0.09/turn

%: no passive effects
@: studying Short Blades
A: horns 2
a: no special abilities


You were on level 3 of the Dungeon.
You visited 1 branch of the dungeon, and saw 3 of its levels.

You collected 163 gold pieces.

Inventory:

Hand Weapons
 a - a +0 war axe (weapon)
Armour
 b - a +0 scale mail (worn)
 c - a +0 buckler (worn)
Jewellery
 f - an amulet of guardian spirit
 m - a ring of protection from cold
Scrolls
 e - a scroll of revelation {unknown}
 h - a scroll of fog {unknown}
 j - 2 scrolls of identify {unknown}
 l - a scroll of immolation {unknown}
 o - a scroll of brand weapon {unknown}
 p - a scroll of noise {unknown}
 r - 2 scrolls of fear {unknown}
Potions
 d - a potion of might
 g - a potion of berserk rage {unknown}
 i - a potion of curing {unknown}
 k - 2 potions of brilliance {unknown}
 n - a potion of resistance {unknown}
 q - a potion of haste {unknown}
 s - a potion of mutation {unknown}


   Skills:
 + Level 4.0 Fighting
 + Level 2.9 Axes
 + Level 3.6 Armour
 - Level 3.0 Shields


You had 3 spell levels left.
You didn't know any spells.
Your spell library contained the following spells:

 Spells                   Type           Power      Damage    Failure   Level
 Poisonous Vapours        Pois/Air       0%         N/A       94%         2
 Mephitic Cloud           Conj/Pois/Air  0%         N/A       99%         3
 Freezing Cloud           Conj/Ice/Air   0%         6-21      100%        5


Dungeon Overview and Level Annotations

Branches:
Dungeon (3/15)

Altars:


Innate Abilities, Weirdness & Mutations

You have a pair of horns on your head.


Message History

The frilled lizard bites you but does no damage.
There are monsters nearby!
You barely miss the orc. You barely miss the frilled lizard.
The orc hits you but does no damage.
The frilled lizard bites you but does no damage.
There are monsters nearby!
You hit the orc.
The orc is heavily wounded.
You barely miss the frilled lizard. The frilled lizard barely misses you.
The orc priest invokes the aid of Beogh against you.
Beogh smites you!
* * * LOW HITPOINT WARNING * * *
The orc barely misses you.
You closely miss the frilled lizard. You headbutt the frilled lizard.
You kill the frilled lizard!
The orc hits you but does no damage.
You hit the orc. Your headbutt misses the orc.
The orc is almost dead.
You block the orc's attack.
You hit the orc but do no damage. You headbutt the orc.
You kill the orc!
The orc hits you but does no damage.
You closely miss the orc. You hit the orc priest.
The orc priest calls down the wrath of Beogh upon you.
You barely resist. The orc barely misses you.
The orc priest hits you with a +0 short sword.
* * * LOW HITPOINT WARNING * * *
You hit the orc priest but do no damage.
You headbutt the orc priest.
The orc priest is heavily wounded.
You hit the orc.
You kill the orc!
You block the orc priest's attack.
You hit the orc priest but do no damage.
The orc priest is heavily wounded.
The orc priest invokes the aid of Beogh against you.
Pain shoots through your body!
* * * LOW HITPOINT WARNING * * *
The orc priest hits you with a +0 morningstar!
You die...

#.# #.# #.#
#.#####
#.....####
###.###....#
##.#.........
#..#o.#......
#..@#.# .....
#..o#..o#....
#.....#o.# ...
.....#.#o...
..
#####....#....
. ##.#.#.#..#
#. ........ ##
...##...


You could see 2 orc priests.

Vanquished Creatures
  Terence (D:2)
  Natasha (twice) (D:2)
  An adder (D:2)
  2 dart slugs (D:2)
  2 orcs (D:3)
  4 bats
  3 endoplasms
  3 giant cockroaches
  3 hobgoblins
  7 jackals
  2 quokkas
  5 ball pythons
  6 frilled lizards
  4 kobolds
  3 rats
48 creatures vanquished.

Notes
Turn   | Place    | Note
-------+----------+-------------------------------------------
     0 | D:1      | BritishOli the Demonspawn Fighter began the quest for the
                  | Orb.
     0 | D:1      | Reached XP level 1. HP: 18/18 MP: 1/1
   120 | D:1      | Gained mutation: You have a pair of small horns on your
                  | head. [demonic ancestry]
   120 | D:1      | Reached XP level 2. HP: 18/24 MP: 2/2
   690 | D:2      | Noticed Terence
   698 | D:2      | Killed Terence
   699 | D:2      | Reached XP level 3. HP: 16/29 MP: 3/3
   968 | D:2      | Gained mutation: You have a pair of horns on your head.
                  | [demonic ancestry]
   968 | D:2      | Reached XP level 4. HP: 36/36 MP: 4/4
  1060 | D:2      | Noticed Natasha
  1062 | D:2      | Killed Natasha
  1177 | D:2      | Noticed Natasha
  1186 | D:2      | Killed Natasha
  1404 | D:3      | Reached skill level 4 in Fighting
  1662 | D:3      | Slain by an orc priest

Illustrated notes

Levels and vault maps discovered:
D:1:      dpeg_arrival_rooms_b, layout_basic
D:2:      layout_loops_ring, uniq_natasha, uniq_terence
D:3:      layout_loops_corners, hangedman_decor_peaks_small,
          chequers_hall_statues_corner_a

Skill      XL: |  1  2  3  4 |
---------------+-------------+-----
Axes           | 2 |  2.9
Shields        | 3 |  3.0
Armour         | 3 |  3.6
Fighting       | 4 |  4.0

Action                     |  1- 3 |  4- 6 || total
---------------------------+-------+-------++-------
  Melee: War axe           |    81 |    50 ||   131
         Headbutt          |     5 |    11 ||    16
 Armour: Scale mail        |    50 |    39 ||    89
  Dodge: Dodged            |    32 |    25 ||    57
  Block: Buckler           |    20 |     8 ||    28

Table legend: (Time is in decaauts)
 A = Elapsed time spent in this place.
 B = Non-inter-level travel time spent in this place.
 C = Inter-level travel time spent in this place.
 D = Time resting spent in this place.
 E = Time spent auto-exploring this place.
 F = Levels seen in this place.
 G = Mean time per level.
                   A        B        C        D        E       F      G
               +--------+--------+--------+--------+--------+-----+--------+
         Total |   1715 |   1632 |     83 |      0 |   1323 |   3 |  571.7 |
       Dungeon |   1715 |   1632 |     83 |      0 |   1323 |   3 |  571.7 |
               +--------+--------+--------+--------+--------+-----+--------+

Top non-repeatable levels by time:
     D:2: 752 daAuts
     D:1: 572 daAuts
     D:3: 389 daAuts
